 Dungeon Crawl Stone Soup version 0.27.0-1-g7a089689b8 (webtiles) character file.

Game seed: 8337744967267072035

476 bande the Covered (level 7, -12/43 HPs)
             Began as a Gargoyle Fighter on Aug 5, 2021.
             Splashed by a kobold's acid (14 damage)
             ... on level 4 of the Dungeon.
             The game lasted 00:05:17 (3289 turns).

bande the Covered (Gargoyle Fighter)                Turns: 3289, Time: 00:05:18

Health: -12/43     AC: 18    Str: 18 (21) XL:     7   Next: 10%
Magic:  0/16       EV:  7    Int:  7 (8)  God:
Gold:   675        SH:  9    Dex:  9 (10) Spells: 5/6 levels left

rFire    . . .     SeeInvis .   a - +0 war axe
rCold    . . .     Faith    .   c - +0 kite shield
rNeg     + . .     Spirit   +   b - +0 scale mail
rPois    ∞         Reflect  .   (no helmet)
rElec    +         Harm     .   n - +0 cloak
rCorr    .         Rampage  .   (no gloves)
Will     .....                  g - +0 pair of boots
Stlth    ..........             i - amulet of guardian spirit
HPRegen  0.14/turn              h - +4 ring of protection
MPRegen  0.15/turn              e - ring of magical power

@: no status effects
A: sickness immunity, AC +4, negative energy resistance 1, electricity
resistance, torment resistance 1, petrification resistance
a: no special abilities


You were on level 4 of the Dungeon.
You visited 1 branch of the dungeon, and saw 4 of its levels.

You collected 675 gold pieces.

Inventory:

Hand Weapons
 a - a +0 war axe (weapon)
Armour
 b - a +0 scale mail (worn)
 c - a +0 kite shield (worn)
 g - a +0 pair of boots (worn)
 n - a +0 cloak (worn)
Jewellery
 e - a ring of magical power (right hand)
 f - a ring of fire
 h - a +4 ring of protection (left hand)
 i - an amulet of guardian spirit (around neck)
Scrolls
 j - 2 scrolls of teleportation
 m - a scroll of vulnerability {unknown}
Potions
 d - 2 potions of might


   Skills:
 + Level 4.0 Fighting
 + Level 4.2 Axes
 + Level 4.8 Armour
 + Level 1.2 Dodging
 + Level 4.5 Shields
 * Level 2.0 Translocations


You had 5 spell levels left.
You knew the following spells:

 Your Spells              Type           Power      Damage    Failure   Level
a - Apportation           Tloc           4%         N/A       94%         1

Your spell library contained the following spells:

 Spells                   Type           Power      Damage    Failure   Level
 Conjure Flame            Conj/Fire      0%         6-21      100%        3
 Ignite Poison            Fire/Tmut/Pois 0%         N/A       100%        3
 Summon Guardian Golem    Hex/Summ       0%         N/A       100%        3
 Sticky Flame             Conj/Fire      0%         2d3       100%        4
 Alistair's Intoxication  Tmut/Pois      0%         N/A       100%        5
 Invisibility             Hex            0%         N/A       100%        6
 Orb of Destruction       Conj           0%         N/A       100%        7
 Spellforged Servitor     Conj/Summ      0%         N/A       100%        7


Dungeon Overview and Level Annotations

Branches:
Dungeon (4/15)
 Temple: D:4-7

Altars:


Innate Abilities, Weirdness & Mutations

You are immune to sickness and miasma.
Your stone body is resilient. (AC +4)
You are immune to poison.
You resist negative energy. (rN+)
You are resistant to electric shocks. (rElec)
You are resistant to unholy torment.
You are immune to petrification.


Message History

The steam dragon claws you but does no damage.
The steam dragon breathes steam at you. The ball of steam hits you!
* * * LOW HITPOINT WARNING * * *
You hear a shout!
The steam dragon bites you but does no damage.
The steam dragon claws you but does no damage.
You barely miss the steam dragon.
The steam dragon is almost dead.
You block the steam dragon's attack.
The steam dragon claws you but does no damage.
You slash the steam dragon!
You kill the steam dragon!
You are engulfed in a cloud of scalding steam.
* * * LOW HITPOINT WARNING * * *
You feel your dexterity returning.
Your Fighting skill increases to level 4!
Your Axes skill increases to level 4!
Your Translocations skill increases to level 2!
You have reached level 7!
You start resting.
A kobold comes into view.
It is wielding a +0 dagger and carrying a wand of acid (8).
A kobold is nearby!
A kobold is nearby!
A kobold is nearby!
A kobold is nearby!
A kobold is nearby!
You start resting.
A kobold is nearby!
You completely miss the kobold. The kobold hits you but does no damage.
The kobold completely misses you.
You closely miss the kobold. The kobold completely misses you.
You barely miss the kobold. The kobold hits you but does no damage.
The kobold barely misses you.
You hit the kobold but do no damage. The kobold hits you but does no damage.
Your shield prevents you from hitting the kobold.
The kobold zaps a wand.
The bolt of acid hits you!
* * * LOW HITPOINT WARNING * * *
You are splashed with acid!
You die...

#....#......#.+.......
#...........#.#.......
###...........#.......
#..........<........
##.............##....
#......#####...##....
#....### #....[###...
#...K# #.....###†..
#...@#####...........
#.......##>..........
#........##...#....(..
#........##...#.......
#........##...#####...
#...)....##... #...
#...#.....#.. ####
#...##....##
#...##....#


You could see a kobold.

Vanquished Creatures
  A steam dragon (D:4)
  A black bear (D:4)
  A howler monkey (D:4)
  A bullfrog zombie (D:4)
  2 howler monkey skeletons (D:4)
  5 adders
  4 gnolls
  An adder skeleton (D:4)
  3 worms
  An orc (D:3)
  A bat (D:2)
  7 endoplasms
  4 giant cockroaches
  7 goblins
  5 hobgoblins
  6 jackals
  4 quokkas
  6 ball pythons
  8 kobolds
  5 rats
73 creatures vanquished.

Notes
Turn   | Place    | Note
-------+----------+-------------------------------------------
     0 | D:1      | bande the Gargoyle Fighter began the quest for the Orb.
     0 | D:1      | Reached XP level 1. HP: 14/14 MP: 1/1
    70 | D:1      | Reached XP level 2. HP: 12/19 MP: 2/2
   645 | D:1      | Reached XP level 3. HP: 22/23 MP: 3/3
  1374 | D:1      | Reached XP level 4. HP: 11/28 MP: 4/4
  1674 | D:2      | Learned a level 1 spell: Apportation
  2463 | D:3      | Identified a scroll of acquirement
  2463 | D:3      | Acquired 505 gold pieces
  2546 | D:3      | Reached XP level 5. HP: 30/32 MP: 5/5
  3063 | D:4      | Reached skill level 1 in Dodging
  3063 | D:4      | Reached skill level 1 in Translocations
  3076 | D:4      | Reached XP level 6. HP: 30/38 MP: 6/6
  3076 | D:4      | Noticed a black bear
  3160 | D:4      | Killed a black bear
  3252 | D:4      | Noticed a steam dragon
  3276 | D:4      | Killed a steam dragon
  3277 | D:4      | Reached XP level 7. HP: 7/43 MP: 2/7
  3289 | D:4      | HP: 2/43 [kobold/bolt of acid (7)]
  3289 | D:4      | Splashed by a kobold's acid

Illustrated notes

Levels and vault maps discovered:
D:1:      lightli_arrival_quake, layout_basic, patterned_corridor
D:2:      layout_rooms, minmay_tromino_v4_b
D:3:      layout_rooms, kennysheep_path_1, minmay_ruptured
D:4:      layout_basic, serial_shops, kennysheep_little_box

Skill      XL: |  1  2  3  4  5  6 |
---------------+-------------------+-----
Axes           | 2 3 4 |  4.2
Armour         | 4 |  4.8
Dodging        | 1 |  1.2
Translocations | 1 2 |  2.0
Shields        | 4 |  4.5
Fighting       | 4 |  4.0

Action                   |  1- 3 |  4- 6 |  7- 9 || total
-------------------------+-------+-------+-------++-------
Melee: War axe           |    80 |   168 |     5 ||   253
  Use: Scroll            |       |     3 |       ||     3
       Potion            |       |     3 |       ||     3
Armor: Scale mail        |    50 |   168 |     3 ||   221
Dodge: Dodged            |    26 |    73 |     3 ||   102
Block: Kite shield       |    42 |   120 |       ||   162
